 Seeded DCSS version 0.30-a0-56-ge6a4009bfd (webtiles) character file.

Game seed: 17246712331252751712 (custom seed)

662 wilfster70 the Caller (level 7, -8/46 HPs)
             Began as a Merfolk Summoner on Sept 10, 2022.
             Mangled by an iguana (10 damage)
             ... on level 5 of the Dungeon.
             The game lasted 00:14:41 (5652 turns).

wilfster70 the Caller (Merfolk Summoner)            Turns: 5652, Time: 00:14:42

Health: -8/46      AC: 11    Str: 10    XL:     7   Next: 56%
Magic:  13/13      EV: 13    Int: 16    God:
Gold:   135        SH:  0    Dex: 17    Spells: 7/14 levels left

rFire   . . .      SeeInvis .    b - +0 sling (flame)
rCold   + . .      Faith    .    (no shield)
rNeg    . . .      Spirit   .    j - +0 robe
rPois   .          Reflect  .    d - +1 hat {Stlth+}
rElec   .          Harm     .    (no cloak)
rCorr   .          Rampage  .    c - +3 pair of gloves "Vocuitz" {rC+ Str+2 Dex+2}
Will    .....                    (no boots)
Stlth   +++.......               (no amulet)
HPRegen 0.15/turn                u - +4 ring of protection
MPRegen 0.13/turn                (no ring)

@: no status effects
A: (nimble swimmer 2), mertail
a: no special abilities


You were on level 5 of the Dungeon.
You visited 1 branch of the dungeon, and saw 5 of its levels.
You also visited: Sewer.

You collected 135 gold pieces.

Inventory:

Hand Weapons
 a - a +2 dagger of venom
 b - a +0 sling of flaming (weapon)
 q - a +1 dagger of electrocution
 E - a +0 spear
Armour
 c - the +3 pair of gloves "Vocuitz" (worn) {rC+ Str+2 Dex+2}
   (You acquired it on level 1 of the Dungeon)

   Str:       It affects your strength (+2).
   Dex:       It affects your dexterity (+2).
   rC:        It protects you from cold.
 d - a +1 hat of stealth (worn)
 j - a +0 robe (worn)
Jewellery
 o - a ring of ice
 u - a +4 ring of protection (left hand)
Wands
 y - a wand of paralysis (7)
Scrolls
 f - a scroll of blinking {unknown}
 g - 2 scrolls of teleportation {unknown}
 h - 4 scrolls of fog
 k - 2 scrolls of poison {unknown}
 l - a scroll of amnesia {unknown}
 s - 2 scrolls of enchant weapon {unknown}
 t - a scroll of summoning {unknown}
 v - 2 scrolls of magic mapping {unknown}
 x - a scroll of enchant armour {unknown}
 B - a scroll of noise {unknown}
 C - a scroll of fear {unknown}
Potions
 e - 5 potions of curing
 i - a potion of flight
 m - 2 potions of magic
 n - a potion of cancellation {unknown}
 p - 3 potions of lignification
 r - a potion of mutation {unknown}
 w - 2 potions of invisibility
 z - 3 potions of heal wounds
 A - a potion of resistance {unknown}
 D - a potion of might {unknown}


   Skills:
 - Level 2.9 Dodging
 - Level 2.3 Stealth
 + Level 4.4 Spellcasting
 * Level 7.5 Summonings
 + Level 1.1 Air Magic


You had 7 spell levels left.
You knew the following spells:

 Your Spells              Type           Power      Damage    Failure   Level
a - Summon Small Mammal   Summ           100%       N/A       1%          1
b - Call Imp              Summ           27%        N/A       1%          2
c - Summon Lightning Spi  Summ/Air       17%        N/A       26%         4

Your spell library contained the following spells:

 Spells                   Type           Power      Damage    Failure   Level
 Call Canine Familiar     Summ           27%        N/A       2%          3
 Summon Guardian Golem    Hex/Summ       15%        N/A       11%         3
 Foxfire                  Conj/Fire      12%        2x1d4     16%         1
 Blink                    Tloc           6%         N/A       24%         2
 Conjure Flame            Conj/Fire      3%         6-21      43%         3
 Inner Flame              Hex/Fire       3%         N/A       43%         3
 Lesser Beckoning         Tloc           3%         N/A       43%         3
 Flame Wave               Conj/Fire      3%         2d5       85%         4
 Manifold Assault         Tloc           3%         N/A       99%         5


Dungeon Overview and Level Annotations

Branches:
Dungeon (5/15)              Sewer (visited)
 Temple: D:4-7

Altars:
Gozag
Makhleb
Ru
Sif Muna
Trog
Wu Jian


Innate Abilities, Weirdness & Mutations

((You are very nimble when in or above water. (Stealth+, EV+, Speed+++)))
Your lower body shifts to a powerful aquatic tail in water.


Message History

The iguana barely misses you.
Your crimson imp blinks!
The iguana bites you but does no damage.
You shoot a sling bullet. The sling bullet hits the iguana.
The sling bullet burns the iguana.
The iguana is heavily wounded.
The iguana bites you but does no damage.
Your crimson imp blinks!
You shoot a sling bullet. The sling bullet hits the iguana.
The sling bullet burns the iguana.
The iguana is severely wounded.
The iguana bites you!
You shoot a sling bullet.
The sling bullet hits the iguana but does no damage.
The iguana is severely wounded.
The iguana bites you. The iguana bites you!
You are too injured to fight recklessly!
You are too injured to fight recklessly!
You are too injured to fight recklessly!
You are too injured to fight recklessly!
You are too injured to fight recklessly!
Fire: b) +0 sling (flame)
Press: ? - help, Q - select action, (/) - cycle Shift-Dir - straight line, f/p - iguana
Aim: an iguana (severely wounded, 60% to hit)
You shoot a sling bullet. The sling bullet hits the iguana.
The sling bullet burns the iguana.
The iguana is almost dead.
The iguana bites you!
* * * LOW HITPOINT WARNING * * *
Your crimson imp hits the iguana but does no damage.
Fire: b) +0 sling (flame)
Press: ? - help, Q - select action, (/) - cycle Shift-Dir - straight line, f/p - iguana
Aim: an iguana (almost dead, ally target, 60% to hit)
You shoot a sling bullet.
The sling bullet hits the iguana but does no damage.
The iguana is almost dead.
The iguana bites you!
* * * LOW HITPOINT WARNING * * *
Your crimson imp hits the iguana.
The iguana bites you!
You die...

§... §§...
§§.§§ §..## ..§
####### #)#
....>.#
#.###....... ##
#.#.<...#
....###)#@###.#
#.....l)#
#####.#5#
#.......#
#.#......
#..#...## #..
#.## #..# .#
.... ..


You could see an iguana (ally target) and a friendly crimson imp (summoned).

Vanquished Creatures
  A black bear (D:4)
  2 kobold brigands (Sewer)
  A hound (D:4)
  An orc priest (D:3)
  3 orc wizards
  4 gnolls
  10 adders
  2 river rats (D:3)
  An ufetubus (D:5)
  2 worms
  3 dart slugs
  11 orcs
  5 ball pythons
  3 bats
  An endoplasm (D:3)
  8 giant cockroaches
  3 goblins
  3 hobgoblins
  7 kobolds
  A quokka (D:3)
  A frilled lizard (D:2)
  3 rats
76 creatures vanquished.

Vanquished Creatures (collateral kills)
  An adder (D:2)
  A river rat (Sewer)
  An orc (D:3)
  A ball python (Sewer)
  A bat (D:1)
  5 endoplasms
  2 hobgoblins
  2 quokkas (D:1)
  2 goblins (D:1)
  4 kobolds (D:1)
  2 rats (D:1)
22 creatures vanquished.

Vanquished Creatures (others)
  A kobold brigand (Sewer)
1 creature vanquished.

Grand Total: 99 creatures vanquished

Notes
Turn   | Place    | Note
-------+----------+-------------------------------------------
     0 | D:1      | wilfster70 the Merfolk Summoner began the quest for the
                  | Orb.
     0 | D:1      | Reached XP level 1. HP: 13/13 MP: 3/3
   300 | D:1      | Identified a scroll of acquirement
   300 | D:1      | Acquired the +3 pair of gloves "Vocuitz" {rC+ Str+2 Dex+2}
   360 | D:1      | Acquired a +1 hat of stealth
   411 | D:1      | Reached XP level 2. HP: 19/19 MP: 3/5
   708 | D:1      | Learned a level 2 spell: Call Imp
  1248 | D:2      | Reached XP level 3. HP: 24/24 MP: 3/6
  1593 | D:2      | Found a faded altar of an unknown god.
  1833 | D:2      | Reached skill level 5 in Summonings
  1833 | D:2      | Reached XP level 4. HP: 7/30 MP: 6/8
  2174 | D:3      | Found a glowing drain.
  2221 | D:3      | HP: 1/30 [poisoned by an adder]
  2242 | Sewer    | Entered a sewer
  2538 | Sewer    | Reached XP level 5. HP: 35/35 MP: 3/9
  2570 | Sewer    | Acquired a +4 ring of protection
  2621 | Sewer    | Noticed a kobold brigand
  2678 | Sewer    | Killed a kobold brigand
  2679 | Sewer    | Reached skill level 6 in Summonings
  2785 | Sewer    | Reached XP level 6. HP: 34/41 MP: 8/11
  3709 | D:3      | Found a burning altar of Makhleb.
  3721 | D:3      | Found an opulent altar of Gozag.
  4022 | D:3      | Found an ornate altar of the Wu Jian Council.
  4334 | D:3      | Found a shimmering blue altar of Sif Muna.
  4349 | D:3      | Reached skill level 7 in Summonings
  4349 | D:3      | Reached XP level 7. HP: 46/46 MP: 13/13
  4491 | D:4      | Learned a level 4 spell: Summon Lightning Spire
  4728 | D:4      | Found a bloodstained altar of Trog.
  5214 | D:4      | Found a sacrificial altar of Ru.
  5358 | D:5      | Entered Level 5 of the Dungeon
  5374 | D:4      | Reached skill level 1 in Air Magic
  5652 | D:5      | HP: 2/46 [iguana (7)]
  5652 | D:5      | Mangled by an iguana

Illustrated notes

Levels and vault maps discovered:
D:1:      evilmike_arrival_plus, layout_rooms
D:2:      minmay_evil_eye, layout_loops_ring, ebering_ecumenical_altar_box
D:3:      layout_basic, palyth_temple_overflow_mages, nzn_wu_jian_contemplation,
          amethyst_overflow_temple_binary, portal_sewer_entry_c
D:4:      layout_basic, trog_book, nicolae_ru_great_annihilating_truth
D:5:      layout_loops_ring, nicolae_dithmenos_the_darkroom,
          overflow_temple_1_default

Skill      XL: |  1  2  3  4  5  6  7 |
---------------+----------------------+-----
Summonings     | 5 6 7 |  7.5
Spellcasting   | 3 4 |  4.4
Air Magic      | 1 |  1.1
Dodging        | |  2.9
Stealth        | |  2.3

Action                   |  1- 3 |  4- 6 |  7- 9 || total
-------------------------+-------+-------+-------++-------
Melee: Unarmed           |    22 |       |       ||    22
       Dagger            |    19 |   138 |       ||   157
       Punch             |       |     1 |       ||     1
       Tailslap          |       |     5 |       ||     5
 Fire: Sling             |     7 |    51 |    88 ||   146
 Cast: Summon Small Mamm |    18 |       |       ||    18
       Call Imp          |     9 |    14 |     5 ||    28
  Use: Scroll            |     2 |     7 |       ||     9
       Potion            |       |     2 |       ||     2
 Stab: Sleeping          |       |    11 |       ||    11
Armor: Robe              |    21 |    59 |    49 ||   129
Dodge: Dodged            |    42 |   127 |    86 ||   255

Table legend: (Time is in decaauts)
 A = Elapsed time spent in this place.
 B = Non-inter-level travel time spent in this place.
 C = Inter-level travel time spent in this place.
 D = Time resting spent in this place.
 E = Time spent auto-exploring this place.
 F = Levels seen in this place.
 G = Mean time per level.
                   A        B        C        D        E       F      G
               +--------+--------+--------+--------+--------+-----+--------+
         Total |   5619 |   5531 |     88 |   1954 |   1602 |   6 |  936.5 |
       Dungeon |   4608 |   4520 |     88 |   1460 |   1456 |   5 |  921.6 |
         Sewer |   1010 |   1010 |      0 |    494 |    146 |   1 | 1010.0 |
               +--------+--------+--------+--------+--------+-----+--------+

Top non-repeatable levels by time:
     D:3: 1335 daAuts
     D:1: 1169 daAuts
     D:4: 1140 daAuts
   Sewer: 1010 daAuts
     D:2: 882 daAuts
     D:5: 80 daAuts
